 Dungeon Crawl Stone Soup version 0.22.0-5-gf09313c8f9 (webtiles) character file.

2796 Peloso the Carver (level 9, -7/78 (79) HPs)
             Began as a Minotaur Fighter on Aug 14, 2018.
             Was a Follower of Okawaru.
             Killed by nerve-wracking pain
             ... invoked by an orc priest
              (12 damage)
             ... on level 6 of the Dungeon.
             The game lasted 00:18:39 (6181 turns).

Peloso the Carver (Minotaur Fighter)                Turns: 6181, Time: 00:18:40

HP:   -7/78 (79)    AC: 19    Str: 22    XL:     9   Next: 43%
MP:   7/8           EV:  6    Int:  5    God:    Okawaru [*.....]
Gold: 473           SH: 12    Dex: 12    Spells: 8/8 levels left

rFire    . . .     SeeInvis .   a - +0 long sword
rCold    . . .     Gourm    .   c - +1 shield
rNeg     . . .     Faith    .   b - +0 plate armour
rPois    .         Spirit   .   (helmet restricted)
rElec    .         Reflect  .   u - +1 cloak
rCorr    .         Harm     .   (no gloves)
MR       .....                  (no boots)
Stlth    ..........             (no amulet)
HPRegen  0.23/turn              s - ring of flight (curse)
MPRegen  0.11/turn              k - +4 ring of protection

@: no status effects
A: retaliatory headbutt, horns 2
a: Heroism, Renounce Religion, Evoke Flight


You were on level 6 of the Dungeon.
You worshipped Okawaru.
Okawaru was aware of your devotion.
You were very hungry.

You visited 2 branches of the dungeon, and saw 7 of its levels.
You also visited: Ossuary.

You collected 473 gold pieces.

Inventory:

Hand Weapons
 a - a +0 long sword (weapon)
 p - a +0 whip of flaming
Armour
 b - a +0 plate armour (worn)
 c - a +1 shield (worn)
 u - a +1 cloak (worn)
Jewellery
 j - a +3 ring of protection
 k - a +4 ring of protection (right hand)
 s - a cursed ring of flight (left hand)
 x - an uncursed ring of positive energy
Wands
 g - a wand of flame (15)
 t - a wand of random effects (28)
 y - a wand of polymorph (16)
Scrolls
 e - 2 scrolls of amnesia
 h - 2 scrolls of remove curse
 i - 5 scrolls of blinking
 l - 2 scrolls of enchant armour
 n - a scroll of teleportation
 o - a scroll of holy word
 B - a scroll of noise {unknown}
Potions
 d - 3 potions of might
 m - 2 potions of brilliance
 q - a potion of berserk rage
 r - 2 potions of magic
 v - a potion of cancellation
 w - a potion of flight
 A - a potion of mutation
 C - a potion of heal wounds {unknown}
 D - a potion of curing {unknown}
Comestibles
 f - 5 rations


   Skills:
 + Level 7.0 Fighting
 + Level 9.6 Long Blades
 + Level 7.5 Armour
 + Level 2.1 Dodging
 + Level 1.1 Stealth
 + Level 9.0 Shields
 + Level 0.1 Evocations


You had 8 spell levels left.
You didn't know any spells.
Your spell library was empty.

Dungeon Overview and Level Annotations

Branches:
Dungeon (6/15)             Temple (1/1) D:5

Altars:
Ashenzari
Cheibriados
Gozag
Okawaru
Ru
The Shining One

Shops:
D:4 =

Annotations:
D:3 2 transporters, rvm's ghost, amateur DrMo


Innate Abilities, Weirdness & Mutations

You reflexively headbutt those who attack you in melee.
You have a pair of horns on your head.


Message History

a whip; a ring mail; 4 stones; a heavily runed ring mail; an orc corpse Unknown command.
The orc priest invokes the aid of Beogh against you.
Pain shoots through your body!
* * * LOW HITPOINT WARNING * * *
Unknown command.
You hit the orc priest.
You headbutt the orc priest, but do no damage.
The orc priest is lightly wounded.
The orc priest invokes the aid of Beogh against you.
Beogh smites you!
* * * LOW HITPOINT WARNING * * *
You barely miss the orc priest. Your headbutt misses the orc priest.
The orc priest is lightly wounded.
The orc priest hits you but does no damage.
Your shield and plate armour prevent you from hitting the orc priest.
The orc priest is lightly wounded.
The orc priest mumbles some strange prayers to Beogh against you.
Pain shoots through your body!
You die...

#..#......#
..
##.#......#
#..
#........# .
#....#'###
##..##.#
##.##.#
###[##.#
#..)o#.#
#..@.#.#
#....#.#
.....>.'.#
.......$.###
..........
...........
...........
............


You could see an orc priest.

Vanquished Creatures
  Eustachio (D:5)
  Duvessa (D:5)
  2 orc warriors (D:6)
  A sky beast (D:5)
  A necrophage (D:6)
  4 centaurs
  Dowan (D:5)
  2 wyvern zombies (Ossuary)
  4 scorpions
  4 wights (D:6)
  2 howler monkeys
  A crimson imp (D:5)
  A centaur zombie (Ossuary)
  2 jellies (D:5)
  A quasit (D:5)
  3 bullfrog zombies (Ossuary)
  2 orc priests
  4 hounds
  5 orc wizards
  A bullfrog skeleton (D:6)
  Ijyb (D:4)
  3 worker ants
  5 hound zombies
  14 mummies (Ossuary)
  2 worker ant zombies (Ossuary)
  A howler monkey zombie (Ossuary)
  4 gnolls (D:3)
  5 adders
  5 oozes
  An adder zombie (Ossuary)
  4 worms
  5 dart slugs
  4 leopard geckos
  19 orcs
  6 giant cockroaches
  12 goblins
  5 hobgoblins
  7 jackals
  3 ball pythons
  8 bats
  2 frilled lizards (D:1)
  A giant cockroach zombie (Ossuary)
  7 kobolds
  2 leopard gecko skeletons
  3 leopard gecko zombies (Ossuary)
  2 quokka zombies
  6 rats
  A fungus (D:5)
  4 withered plants (Ossuary)
185 creatures vanquished.

Vanquished Creatures (others)
  A fungus (D:5)
1 creature vanquished.

Grand Total: 186 creatures vanquished

Notes
Turn   | Place    | Note
-------+----------+-------------------------------------------
     0 | D:1      | Peloso the Minotaur Fighter began the quest for the Orb.
     0 | D:1      | Reached XP level 1. HP: 19/19 MP: 0/0
   105 | D:1      | Found a glowing golden altar of the Shining One.
   158 | D:1      | Reached XP level 2. HP: 20/27 MP: 1/1
   292 | D:1      | Reached XP level 3. HP: 33/33 MP: 2/2
   798 | D:2      | Found a snail-covered altar of Cheibriados.
  1283 | D:2      | Reached skill level 1 in Dodging
  1411 | D:3      | Reached XP level 4. HP: 35/41 MP: 3/3
  1794 | D:3      | Reached XP level 5. HP: 47/47 MP: 4/4
  2101 | D:3      | Noticed rvm's ghost (amateur DrMo)
  2102 | D:3      | Found a transporter.
  2102 | D:3      | Noticed an ogre
  2105 | D:3      | Found a transporter.
  2219 | D:4      | Reached skill level 5 in Shields
  2275 | D:4      | Reached XP level 6. HP: 55/55 MP: 5/5
  2352 | D:4      | Found Zosoopt's Jewellery Shop.
  2369 | D:4      | Reached skill level 5 in Long Blades
  2857 | D:4      | Reached skill level 5 in Fighting
  2857 | D:4      | Reached skill level 5 in Armour
  2944 | D:4      | Noticed Ijyb
  2961 | D:4      | Killed Ijyb
  3050 | D:4      | Reached XP level 7. HP: 61/61 MP: 6/6
  3573 | D:5      | Entered Level 5 of the Dungeon
  3582 | D:5      | Found an opulent altar of Gozag.
  3597 | D:5      | Noticed Eustachio
  3635 | D:5      | Killed Eustachio
  3722 | D:5      | Noticed Dowan
  3723 | D:5      | Found a sacrificial altar of Ru.
  3723 | D:5      | Noticed Duvessa
  3749 | D:5      | Killed Duvessa
  3759 | D:5      | Killed Dowan
  3759 | D:5      | Reached XP level 8. HP: 14/69 MP: 7/7
  4216 | D:5      | Found a shattered altar of Ashenzari.
  4216 | D:5      | Found an opulent altar of Gozag.
  4741 | D:5      | Found a staircase to the Ecumenical Temple.
  4778 | Temple   | Entered the Ecumenical Temple
  4788 | Temple   | Became a worshipper of Warmaster Okawaru
  5121 | D:6      | Reached skill level 1 in Stealth
  5199 | D:6      | Found a sand-covered staircase.
  5208 | Ossuary  | Entered an ossuary
  5263 | Ossuary  | Reached * piety under Okawaru
  5263 | Ossuary  | Reached XP level 9. HP: 42/77 MP: 8/8
  6181 | D:6      | Killed from afar by an orc priest

Skill      XL: |  1  2  3  4  5  6  7  8  9 |
---------------+----------------------------+-----
Shields        | 4 5 6 8 9 |  9.0
Fighting       | 4 5 6 7 |  7.0
Armour         | 4 5 6 7 |  7.5
Long Blades    | 3 4 5 7 8 9 |  9.6
Dodging        | 1 2 |  2.1
Stealth        | 1 |  1.1
Evocations     | |  0.1

Action                   |  1- 3 |  4- 6 |  7- 9 || total
-------------------------+-------+-------+-------++-------
Melee: Long sword        |    93 |   185 |   466 ||   744
       Headbutt          |    13 |    24 |   108 ||   145
Invok: Heroism           |       |       |     1 ||     1
 Abil: Evoke Flight      |       |       |     3 ||     3
  Use: Scroll            |       |     7 |    11 ||    18
       Potion            |       |       |     1 ||     1
  Eat: Chunk             |     1 |     6 |     7 ||    14
       Ration            |       |       |     1 ||     1
Armor: Scale mail        |    47 |       |       ||    47
       Chain mail        |       |    72 |     7 ||    79
       Plate armour      |       |       |   202 ||   202
Dodge: Dodged            |    25 |    39 |    87 ||   151
Block: Shield            |    64 |    93 |   262 ||   419
       Rpst.: Long sword |     7 |    12 |    13 ||    32
